[Event "68th Warsaw-ch-B 2019"]
[Site "Warsaw"]
[Date "2019.11.14"]
[Round "3.1"]
[White "Jaskulski, Jan"]
[Black "Podgorski, Maciej"]
[Result "0-1"]
[ECO "B92"]
[WhiteElo "1594"]
[BlackElo "1737"]
[Annotator "NA"]
[PlyCount "60"]
[EventDate "2019.11.14"]
[EventType "swiss"]
[EventCountry "POL"]
[SourceTitle "playchess.com"]
[Source "ChessBase"]
[SourceQuality "1"]
[TimeControl "5400+30"]

1. e4 c5 2. Nf3 d6 3. d4 cxd4 4. Nxd4 Nf6 5. Nc3 a6 6. Be2 e5 7. Nb3 Be7 8. O-O Be6 9. Be3 Nbd7 10. f4 Rc8 11. f5 Bxb3 12. axb3 O-O 13. Bc4 Nb6 14. Bd5 Nfxd5 15. Nxd5 Nxd5 16. Qxd5 Bg5 17. Bxg5 Qxg5 18. c3 Rc6 19. Rf3 Qf6 20. b4 Rd8 21. Rd1 h6 22. Rdf1 Rdc8 23. Ra1 R8c7 24. b5 Rc5 25. bxa6 Rxd5 26. a7 Rd1+ 27. Rxd1 Rc8 28. c4 Ra8 29. Ra1 Qd8 30. Rb3 Qc7 0-1

[Event "68th Warsaw-ch-B 2019"]
[Site "Warsaw"]
[Date "2019.11.14"]
[Round "3.2"]
[White "Jaworski, Jakub"]
[Black "Kwiek, Janusz"]
[Result "1-0"]
[ECO "A01"]
[WhiteElo "1646"]
[BlackElo "1496"]
[Annotator "NA"]
[PlyCount "43"]
[EventDate "2019.11.14"]
[EventType "swiss"]
[EventCountry "POL"]
[SourceTitle "playchess.com"]
[Source "ChessBase"]
[SourceQuality "1"]
[TimeControl "5400+30"]

1. b3 Nc6 2. Bb2 e5 3. e3 Nf6 4. Nf3 d6 5. d4 e4 6. d5 exf3 7. dxc6 fxg2 8. Bxg2 b6 9. Nc3 Be7 10. Qd4 O-O 11. O-O-O Be6 12. Rhg1 Qc8 13. Bf3 Kh8 14. Ne4 Rg8 15. Nxf6 Bxf6 16. Qxf6 Qf8 17. Qh6 f6 18. Qh4 Qf7 19. Bh5 Qf8 20. Bg6 h6 21. Bd3 a5 22. Qe4 1-0

[Event "68th Warsaw-ch-B 2019"]
[Site "Warsaw"]
[Date "2019.11.14"]
[Round "3.3"]
[White "Wiktorowski, Janusz"]
[Black "Klim, Filip"]
[Result "0-1"]
[ECO "D10"]
[WhiteElo "1426"]
[BlackElo "1634"]
[Annotator "NA"]
[PlyCount "64"]
[EventDate "2019.11.14"]
[EventType "swiss"]
[EventCountry "POL"]
[SourceTitle "playchess.com"]
[Source "ChessBase"]
[SourceQuality "1"]
[TimeControl "5400+30"]

1. d4 d5 2. c4 c6 3. Nc3 Nf6 4. cxd5 cxd5 5. Bg5 e6 6. e3 Be7 7. Nf3 Nc6 8. Bd3 O-O 9. a3 h6 10. Bf4 Bd6 11. Bxd6 Qxd6 12. Nb5 Qe7 13. O-O a6 14. Nc3 e5 15. dxe5 Nxe5 16. h3 b5 17. Nxe5 Qxe5 18. Qf3 Bb7 19. Qf5 Qd6 20. Ne2 Rfe8 21. Nd4 g6 22. Qf3 Kg7 23. Rac1 Rac8 24. Rxc8 Rxc8 25. g4 Nd7 26. Qe2 Ne5 27. Bf5 Re8 28. Bb1 Qf6 29. Kg2 Nc4 30. Qc2 Rxe3 31. fxe3 Nxe3+ 32. Kh1 Qxf1+ 0-1

[Event "68th Warsaw-ch-B 2019"]
[Site "Warsaw"]
[Date "2019.11.14"]
[Round "3.4"]
[White "Mazurkiewicz, Wojciech"]
[Black "Gierech, Pawel"]
[Result "0-1"]
[ECO "B01"]
[WhiteElo "1557"]
[BlackElo "1652"]
[Annotator "NA"]
[PlyCount "82"]
[EventDate "2019.11.14"]
[EventType "swiss"]
[EventCountry "POL"]
[SourceTitle "playchess.com"]
[Source "ChessBase"]
[SourceQuality "1"]
[TimeControl "5400+30"]

1. e4 d5 2. exd5 Qxd5 3. Nc3 Qa5 4. d4 Nf6 5. Nf3 Bg4 6. Bd2 c6 7. Bc4 e6 8. h3 Bh5 9. O-O Nbd7 10. Nd5 Qd8 11. Nf4 Bg6 12. Re1 Nd5 13. Nxd5 cxd5 14. Bxd5 Qc7 15. c3 O-O-O 16. Bb3 Bh5 17. Bg5 f6 18. Bh4 e5 19. Be6 Kb8 20. Bg3 Bd6 21. Bg4 Bxg4 22. hxg4 exd4 23. Bxd6 Qxd6 24. Qxd4 Qf8 25. Rad1 h5 26. Qf4+ Kc8 27. Qc4+ Kb8 28. Qe6 Nc5 29. Rxd8+ Qxd8 30. Qf5 hxg4 31. Qxg4 Qc7 32. g3 g5 33. Qf5 Qc6 34. b4 Nd7 35. Re3 Ne5 36. Qe4 Qxe4 37. Rxe4 Nxf3+ 38. Kg2 f5 39. Re3 g4 40. Kf1 Rd8 41. Kg2 Rd1 0-1

[Event "68th Warsaw-ch-B 2019"]
[Site "Warsaw"]
[Date "2019.11.14"]
[Round "3.5"]
[White "Winogrodzki, Jozef"]
[Black "Bartodziej, Bartosz"]
[Result "1-0"]
[ECO "B40"]
[WhiteElo "1415"]
[BlackElo "1734"]
[Annotator "NA"]
[PlyCount "85"]
[EventDate "2019.11.14"]
[EventType "swiss"]
[EventCountry "POL"]
[SourceTitle "playchess.com"]
[Source "ChessBase"]
[SourceQuality "1"]
[TimeControl "5400+30"]

1. e4 c5 2. Nf3 e6 3. c4 Nc6 4. Nc3 Nf6 5. Be2 d5 6. d3 d4 7. Nb1 e5 8. Bg5 Be7 9. Nbd2 O-O 10. O-O Be6 11. Ne1 h6 12. Bxf6 Bxf6 13. Bg4 Qd7 14. h3 a6 15. Bxe6 Qxe6 16. Nc2 Be7 17. g4 b5 18. b3 b4 19. a4 bxa3 20. Rxa3 Rfb8 21. Qe2 Nb4 22. Nxb4 Rxb4 23. Kg2 Bg5 24. Nf3 Bf4 25. Rfa1 Qb6 26. Qc2 Qc6 27. Qa2 Rb6 28. Ra5 Rab8 29. Rxa6 Rxa6 30. Qxa6 Qxa6 31. Rxa6 Rxb3 32. Rc6 Rxd3 33. Rxc5 f6 34. Rd5 Rc3 35. c5 Bc1 36. h4 Ba3 37. g5 hxg5 38. hxg5 Kf7 39. gxf6 gxf6 40. Nh4 Rxc5 41. Rd7+ Ke6 42. Ra7 Bc1 43. Nf5 1-0

[Event "68th Warsaw-ch-B 2019"]
[Site "Warsaw"]
[Date "2019.11.15"]
[Round "4.1"]
[White "Podgorski, Maciej"]
[Black "Jaworski, Jakub"]
[Result "0-1"]
[ECO "C11"]
[WhiteElo "1737"]
[BlackElo "1646"]
[Annotator "NA"]
[PlyCount "50"]
[EventDate "2019.11.14"]
[EventType "swiss"]
[EventCountry "POL"]
[SourceTitle "playchess.com"]
[Source "ChessBase"]
[SourceQuality "1"]
[TimeControl "5400+30"]

1. e4 e6 2. d4 d5 3. Nc3 Nf6 4. Bg5 dxe4 5. Nxe4 Be7 6. Bd3 Nxe4 7. Bxe7 Qxe7 8. Bxe4 Qb4+ 9. c3 Qxb2 10. Ne2 Nd7 11. O-O Qa3 12. f4 O-O 13. Rf3 Nf6 14. Bc2 Bd7 15. Rh3 Bc6 16. c4 Qb4 17. Ng3 Qxc4 18. Rc1 Qd5 19. Qe2 Qxd4+ 20. Kh1 g6 21. Rf1 Rfe8 22. Qe1 Rad8 23. Rf2 Ng4 24. Re2 Bb5 25. Ne4 Bxe2 0-1

[Event "68th Warsaw-ch-B 2019"]
[Site "Warsaw"]
[Date "2019.11.15"]
[Round "4.2"]
[White "Klim, Filip"]
[Black "Winogrodzki, Jozef"]
[Result "1/2-1/2"]
[ECO "B56"]
[WhiteElo "1634"]
[BlackElo "1415"]
[Annotator "NA"]
[PlyCount "97"]
[EventDate "2019.11.14"]
[EventType "swiss"]
[EventCountry "POL"]
[SourceTitle "playchess.com"]
[Source "ChessBase"]
[SourceQuality "1"]
[TimeControl "5400+30"]

1. e4 c5 2. Nf3 d6 3. d4 cxd4 4. Nxd4 Nf6 5. Nc3 e5 6. Bb5+ Bd7 7. Bxd7+ Qxd7 8. Nf5 Nxe4 9. Nxe4 Qxf5 10. Nxd6+ Bxd6 11. Qxd6 Nc6 12. O-O Rd8 13. Qc5 Qe6 14. Be3 f6 15. Rfd1 Kf7 16. Qb5 b6 17. Qa4 Rd6 18. Rxd6 Qxd6 19. h3 Rd8 20. c4 Rd7 21. a3 Nd4 22. Kh1 Nf5 23. c5 Qd5 24. cxb6 Nxe3 25. fxe3 axb6 26. Qb4 b5 27. Rc1 Qd2 28. Qb3+ Qd5 29. Qb4 Qd2 30. Rc3 Qe2 31. Rb3 Rd2 32. Qg4 Qxg4 33. hxg4 Rd5 34. Kh2 Ke6 35. Kg3 Kd6 36. Kf3 g6 37. e4 Rc5 38. Rd3+ Kc6 39. Rd2 Rc1 40. g3 Rc5 41. Rh2 h5 42. gxh5 gxh5 43. g4 hxg4+ 44. Kxg4 Rc1 45. Kf3 Kc5 46. Rh8 Kb6 47. Rh2 Kc5 48. Rh8 Kb6 49. Rh2 1/2-1/2

[Event "68th Warsaw-ch-B 2019"]
[Site "Warsaw"]
[Date "2019.11.15"]
[Round "4.3"]
[White "Gierech, Pawel"]
[Black "Jaskulski, Jan"]
[Result "1-0"]
[ECO "B20"]
[WhiteElo "1652"]
[BlackElo "1594"]
[Annotator "NA"]
[PlyCount "101"]
[EventDate "2019.11.14"]
[EventType "swiss"]
[EventCountry "POL"]
[SourceTitle "playchess.com"]
[Source "ChessBase"]
[SourceQuality "1"]
[TimeControl "5400+30"]

1. e4 c5 2. b4 d5 3. e5 Nc6 4. Nf3 Bg4 5. e6 Bxe6 6. bxc5 Bg4 7. h3 Bh5 8. c3 e5 9. g4 Bg6 10. Bb5 Bxc5 11. Nxe5 Bxf2+ 12. Kf1 Qf6 13. Qe2 Bg3+ 14. Nf3+ Be4 15. Kg2 Bc7 16. d3 Qxf3+ 17. Qxf3 Bxf3+ 18. Kxf3 O-O-O 19. d4 Nf6 20. Bg5 Rde8 21. Bxf6 gxf6 22. Bd3 Re7 23. Na3 Rhe8 24. Nc2 Ba5 25. c4 dxc4 26. Bxc4 Bc3 27. Rad1 Nb4 28. Rh2 Kb8 29. a3 Nxc2 30. Rxc2 Re3+ 31. Kg2 Rd8 32. Bd3 Ba5 33. Bf5 Rc3 34. Re2 Bc7 35. Re7 Rg3+ 36. Kf2 Rxh3 37. Rc1 Bb6 38. Kg2 Rxa3 39. Be4 Re3 40. Rxb7+ Ka8 41. Bc6 a5 42. Re7+ Kb8 43. Rxe3 Rxd4 44. Re7 Bc7 45. Bf3 Rd2+ 46. Re2 Rd3 47. Rec2 Bf4 48. Rb1+ Ka7 49. Rb7+ Ka6 50. Rcb2 a4 51. Be2 1-0

[Event "68th Warsaw-ch-B 2019"]
[Site "Warsaw"]
[Date "2019.11.15"]
[Round "4.4"]
[White "Green, Daniel P."]
[Black "Prazmowski, Wlodzimierz"]
[Result "1-0"]
[ECO "D06"]
[WhiteElo "2240"]
[BlackElo "1523"]
[Annotator "NA"]
[PlyCount "57"]
[EventDate "2019.11.14"]
[EventType "swiss"]
[EventCountry "POL"]
[SourceTitle "playchess.com"]
[Source "ChessBase"]
[SourceQuality "1"]
[TimeControl "5400+30"]

1. d4 d5 2. c4 Nf6 3. cxd5 Qxd5 4. Nc3 Qd8 5. e4 e6 6. Nf3 c6 7. Bd3 Be7 8. O-O Nbd7 9. Bf4 O-O 10. Rc1 b6 11. Re1 Re8 12. a4 Bb7 13. a5 c5 14. d5 exd5 15. exd5 Nf8 16. d6 Bxf3 17. gxf3 Bxd6 18. Rxe8 Nxe8 19. Bg3 Bxg3 20. hxg3 Qf6 21. Qb3 Nc7 22. Kg2 Ng6 23. axb6 Qxb6 24. Qc2 Rb8 25. Na4 Qb4 26. Nxc5 Qxb2 27. Nd7 Qxc2 28. Rxc2 Rb7 29. Be4 1-0

[Event "68th Warsaw-ch-B 2019"]
[Site "Warsaw"]
[Date "2019.11.15"]
[Round "4.5"]
[White "Kwiek, Janusz"]
[Black "Wiktorowski, Janusz"]
[Result "1-0"]
[ECO "A04"]
[WhiteElo "1496"]
[BlackElo "1426"]
[Annotator "NA"]
[PlyCount "87"]
[EventDate "2019.11.14"]
[EventType "swiss"]
[EventCountry "POL"]
[SourceTitle "playchess.com"]
[Source "ChessBase"]
[SourceQuality "1"]
[TimeControl "5400+30"]

1. Nf3 Nc6 2. d4 d5 3. g3 e6 4. Bg2 h6 5. O-O Nf6 6. Nbd2 Bd6 7. c4 b6 8. b3 O-O 9. Bb2 Rb8 10. Rc1 Bb7 11. Re1 Be7 12. a3 a5 13. Rc2 dxc4 14. Nxc4 b5 15. Nce5 Na7 16. Qc1 Bd6 17. Rd1 Qe7 18. Nd2 Rfc8 19. Bxb7 Rxb7 20. Nc6 Nxc6 21. Rxc6 b4 22. a4 Qd8 23. e4 Be7 24. f3 Nd7 25. Rc2 c5 26. d5 exd5 27. exd5 Nb6 28. Ne4 Nxd5 29. Rcd2 Rd7 30. Qc4 Nb6 31. Rxd7 Nxd7 32. Qb5 Rc7 33. Be5 Ra7 34. Nxc5 Bxc5+ 35. Qxc5 Nxc5 36. Rxd8+ Kh7 37. Bd4 Rc7 38. Bxc5 Rxc5 39. Ra8 g5 40. h4 gxh4 41. gxh4 Kg6 42. Kf2 Rh5 43. Kg3 f5 44. f4 1-0

[Event "68th Warsaw-ch-B 2019"]
[Site "Warsaw"]
[Date "2019.11.16"]
[Round "5.1"]
[White "Jaworski, Jakub"]
[Black "Gierech, Pawel"]
[Result "1/2-1/2"]
[ECO "A01"]
[WhiteElo "1646"]
[BlackElo "1652"]
[Annotator "NA"]
[PlyCount "103"]
[EventDate "2019.11.14"]
[EventType "swiss"]
[EventCountry "POL"]
[SourceTitle "playchess.com"]
[Source "ChessBase"]
[SourceQuality "1"]
[TimeControl "5400+30"]

1. b3 d5 2. Bb2 Bf5 3. e3 Nf6 4. Nf3 e6 5. Nh4 Bg4 6. Be2 Bxe2 7. Qxe2 Nbd7 8. f4 a6 9. Nf3 Be7 10. d3 c5 11. Nbd2 O-O 12. O-O b5 13. Ne5 Qb6 14. g4 Nxe5 15. Bxe5 Nd7 16. Bb2 Bf6 17. Bxf6 Nxf6 18. g5 Ne8 19. Rf3 g6 20. Rh3 f5 21. gxf6 Nxf6 22. Nf3 c4 23. Ne5 cxd3 24. cxd3 Ra7 25. Kh1 Nd7 26. Qb2 Nxe5 27. Qxe5 Rf5 28. Qb2 d4 29. Rc1 Qd8 30. Qxd4 Qxd4 31. exd4 Rxf4 32. Rc6 Rf2 33. Re3 Rxa2 34. Rexe6 Rf7 35. Rf6 Rxf6 36. Rxf6 Kg7 37. Rb6 h5 38. d5 Kf7 39. h4 Ra3 40. Kg2 Rxb3 41. Rxa6 Rxd3 42. d6 Ke6 43. d7+ Kf5 44. Rb6 Kg4 45. Rxg6+ Kxh4 46. Rb6 Rxd7 47. Rxb5 Rd2+ 48. Kg1 Kg4 49. Rb4+ Kf3 50. Rb3+ Ke4 51. Rb4+ Rd4 52. Rxd4+ 1/2-1/2

[Event "68th Warsaw-ch-B 2019"]
[Site "Warsaw"]
[Date "2019.11.16"]
[Round "5.2"]
[White "Podgorski, Maciej"]
[Black "Klim, Filip"]
[Result "1-0"]
[ECO "C54"]
[WhiteElo "1737"]
[BlackElo "1634"]
[Annotator "NA"]
[PlyCount "133"]
[EventDate "2019.11.14"]
[EventType "swiss"]
[EventCountry "POL"]
[SourceTitle "playchess.com"]
[Source "ChessBase"]
[SourceQuality "1"]
[TimeControl "5400+30"]

1. e4 e5 2. Nf3 Nc6 3. Bc4 Bc5 4. c3 Nf6 5. d4 exd4 6. e5 d5 7. Bb5 Ne4 8. cxd4 Bb6 9. Nc3 Nxc3 10. bxc3 Bd7 11. O-O O-O 12. Bg5 Ne7 13. Bd3 Bg4 14. h3 Bh5 15. g4 Bg6 16. h4 h6 17. Bxe7 Qxe7 18. h5 Bxd3 19. Qxd3 Qe6 20. Qf5 Rad8 21. Kh2 c5 22. Rg1 Rc8 23. Rg2 cxd4 24. cxd4 Rc3 25. Qf4 g5 26. Qg3 Bxd4 27. Nxd4 Rxg3 28. Nxe6 Rxg2+ 29. Kxg2 fxe6 30. Rc1 Kg7 31. Rc7+ Rf7 32. Rc8 Re7 33. Kf3 Rf7+ 34. Ke3 Rf4 35. Rc7+ Kf8 36. f3 Ra4 37. Rxb7 Rxa2 38. Rh7 a5 39. Rxh6 Kf7 40. Rh7+ Kg8 41. Re7 a4 42. Rxe6 a3 43. Ra6 Ra1 44. e6 a2 45. Ra8+ Kg7 46. e7 Re1+ 47. Kd4 Rxe7 48. Rxa2 Rf7 49. Ra3 Rd7 50. Re3 Kh7 51. Re5 Rf7 52. Rf5 Ra7 53. Rxd5 Kh6 54. Rd6+ Kh7 55. Ke5 Ra5+ 56. Rd5 Ra3 57. Kf5 Rxf3+ 58. Kxg5 Ra3 59. Rd7+ Kg8 60. h6 Ra5+ 61. Kg6 Ra6+ 62. Kh5 Ra5+ 63. g5 Ra1 64. Rd8+ Kf7 65. g6+ Kf6 66. Rf8+ Ke7 67. g7 1-0

[Event "68th Warsaw-ch-B 2019"]
[Site "Warsaw"]
[Date "2019.11.16"]
[Round "5.3"]
[White "Winogrodzki, Jozef"]
[Black "Kwiek, Janusz"]
[Result "1-0"]
[ECO "B07"]
[WhiteElo "1415"]
[BlackElo "1496"]
[Annotator "NA"]
[PlyCount "94"]
[EventDate "2019.11.14"]
[EventType "swiss"]
[EventCountry "POL"]
[SourceTitle "playchess.com"]
[Source "ChessBase"]
[SourceQuality "1"]
[TimeControl "5400+30"]

1. e4 d6 2. d4 Nf6 3. Nc3 g6 4. g3 Bg7 5. Bg2 O-O 6. Nge2 c6 7. O-O e5 8. h3 Be6 9. Be3 Qc8 10. Kh2 Na6 11. Qd2 Rd8 12. Rad1 b5 13. a3 Qc7 14. f4 exd4 15. Nxd4 Bc4 16. Rf2 Be6 17. Qe1 Nc5 18. e5 dxe5 19. Nxc6 Rxd1 20. Qxd1 e4 21. Bxc5 Qxc6 22. Qd6 Qxd6 23. Bxd6 Ne8 24. Bxe4 Rd8 25. Bb4 a6 26. Bb7 Bc8 27. Ba5 Bxb7 28. Bxd8 f5 29. Rd2 Bc6 30. Bb6 Bf6 31. Bd4 Be7 32. Be5 Kf7 33. Ne2 Nf6 34. Bxf6 Kxf6 35. Nd4 Be8 36. Kg2 h6 37. Kf3 h5 38. h4 Bc5 39. Rd3 Be7 40. Rc3 Bd6 41. Rc8 Bd7 42. Ra8 Bc5 43. Rxa6+ Ke7 44. Ke3 Be8 45. Kd3 Bf7 46. b3 b4 47. axb4 Bxb4 {Ke4} 1-0

[Event "68th Warsaw-ch-B 2019"]
[Site "Warsaw"]
[Date "2019.11.16"]
[Round "5.4"]
[White "Mazurkiewicz, Wojciech"]
[Black "Green, Daniel P."]
[Result "1-0"]
[ECO "B15"]
[WhiteElo "1557"]
[BlackElo "2240"]
[Annotator "NA"]
[PlyCount "65"]
[EventDate "2019.11.14"]
[EventType "swiss"]
[EventCountry "POL"]
[SourceTitle "playchess.com"]
[Source "ChessBase"]
[SourceQuality "1"]
[TimeControl "5400+30"]

1. e4 c6 2. d4 d5 3. Nc3 g6 4. e5 Bg7 5. Nf3 Bg4 6. h3 Bxf3 7. Qxf3 c5 8. Bb5+ Nc6 9. Nxd5 cxd4 10. Nb4 Qa5 11. Bxc6+ Kf8 12. Bd5 e6 13. Bd2 Bh6 14. Bxh6+ Nxh6 15. O-O Qxb4 16. Bxe6 Re8 17. Qf6 Rg8 18. Bb3 Qe7 19. Qf4 Nf5 20. g4 Qh4 21. Qf3 Rxe5 22. gxf5 gxf5+ 23. Kh2 Re4 24. Rg1 Rgg4 25. Rxg4 Rxg4 26. Qxf5 Rf4 27. Qc5+ Kg7 28. Rg1+ Kh6 29. Rg2 Rxf2 30. Qf8+ Kh5 31. Bxf7+ Rxf7 32. Qxf7+ Kh6 33. Qg7+ 1-0

[Event "68th Warsaw-ch-B 2019"]
[Site "Warsaw"]
[Date "2019.11.16"]
[Round "5.5"]
[White "Muck, Piotr"]
[Black "Marczukiewicz, Slawomir"]
[Result "1-0"]
[ECO "E98"]
[WhiteElo "1490"]
[BlackElo "1455"]
[Annotator "NA"]
[PlyCount "69"]
[EventDate "2019.11.14"]
[EventType "swiss"]
[EventCountry "POL"]
[SourceTitle "playchess.com"]
[Source "ChessBase"]
[SourceQuality "1"]
[TimeControl "5400+30"]

1. d4 Nf6 2. Nf3 g6 3. c4 Bg7 4. Nc3 O-O 5. e4 d6 6. Be2 e5 7. O-O Nc6 8. d5 Ne7 9. Ne1 Nd7 10. Be3 f5 11. f3 f4 12. Bf2 g5 13. g4 Ng6 14. Rc1 Rf7 15. b4 a5 16. a3 Bf8 17. Nd3 axb4 18. axb4 b6 19. Ra1 Rxa1 20. Qxa1 Nf6 21. c5 bxc5 22. bxc5 h5 23. h3 hxg4 24. hxg4 Rh7 25. Kg2 Nh4+ 26. Bxh4 Rxh4 27. c6 Qe7 28. Rh1 Qh7 29. Nf2 Kf7 30. Qa8 Rxh1 31. Nxh1 Bxg4 32. fxg4 Nxe4 33. Nxe4 Qxe4+ 34. Bf3 Qc2+ 35. Nf2 1-0

[Event "68th Warsaw-ch-B 2019"]
[Site "Warsaw"]
[Date "2019.11.17"]
[Round "6.1"]
[White "Winogrodzki, Jozef"]
[Black "Jaworski, Jakub"]
[Result "0-1"]
[ECO "B00"]
[WhiteElo "1415"]
[BlackElo "1646"]
[Annotator "NA RC"]
[PlyCount "126"]
[EventDate "2019.11.14"]
[EventType "swiss"]
[EventCountry "POL"]
[SourceTitle "playchess.com"]
[Source "ChessBase"]
[SourceQuality "1"]
[TimeControl "5400+30"]

1. e4 b6 2. d4 Bb7 3. Bd3 e6 4. Ne2 c5 5. c3 Nf6 6. Nd2 d6 7. O-O Be7 8. h3 Nc6 9. a3 Qd7 10. f4 a6 11. Nf3 Rd8 12. Be3 h6 13. Qd2 Na5 14. Rae1 Nxe4 15. Qc2 f5 16. Qb1 c4 17. Bc2 Bd5 18. Qd1 O-O 19. Kh2 Nc6 20. Neg1 Qb7 21. Qe2 b5 22. g3 g6 23. Bc1 Nb8 24. Be3 Kh7 25. Bc1 Nd7 26. Be3 Ndf6 27. Bc1 Nh5 28. Bxe4 Bxe4 29. Rf2 Nf6 30. Be3 a5 31. Bd2 Bd5 32. Rff1 Ne4 33. Be3 b4 34. axb4 axb4 35. Nd2 bxc3 36. Nxe4 Bxe4 37. bxc3 Bd3 38. Qf3 Qxf3 39. Rxf3 d5 40. Rf2 Ra8 41. Nf3 Be4 42. Ne5 Ra3 43. Rb2 Rb3 44. Ra2 Rfb8 45. Ra7 R8b7 46. Rea1 Bd6 47. R1a6 Rxa7 48. Rxa7+ Kg8 49. Ra8+ Kg7 50. Ra7+ Kf8 51. Ra8+ Ke7 52. Ra7+ Ke8 53. Ra8+ Bb8 54. Nc6 Rxc3 55. Bf2 Rc2 56. Rxb8+ Kd7 57. Ne5+ Kc7 58. Re8 Rxf2+ 59. Kg1 Rg2+ 60. Kf1 c3 61. Rxe6 c2 62. Rc6+ Kb7 63. Rc3 Rh2 0-1

[Event "68th Warsaw-ch-B 2019"]
[Site "Warsaw"]
[Date "2019.11.17"]
[Round "6.3"]
[White "Klim, Filip"]
[Black "Mazurkiewicz, Wojciech"]
[Result "1/2-1/2"]
[ECO "C42"]
[WhiteElo "1634"]
[BlackElo "1557"]
[Annotator "NA RC"]
[PlyCount "54"]
[EventDate "2019.11.14"]
[EventType "swiss"]
[EventCountry "POL"]
[SourceTitle "playchess.com"]
[Source "ChessBase"]
[SourceQuality "1"]
[TimeControl "5400+30"]

1. e4 e5 2. Nf3 Nf6 3. Nxe5 d6 4. Nf3 Nxe4 5. d4 d5 6. Bd3 Nc6 7. O-O Be7 8. Re1 Bg4 9. c3 f5 10. Nbd2 O-O 11. Nf1 Bd6 12. Ne3 Bxh2+ 13. Kxh2 Nxf2 14. Qc2 Nxd3 15. Qxd3 Bxf3 16. Nxf5 Be4 17. Rxe4 dxe4 18. Qxe4 Qf6 19. Ng3 Rae8 20. Qg4 Qe6 21. Qxe6+ Rxe6 22. d5 Re1 23. dxc6 bxc6 24. b3 Rf2 25. c4 Rc2 26. Bb2 Rxa1 27. Bxa1 Rxa2 1/2-1/2

[Event "68th Warsaw-ch-B 2019"]
[Site "Warsaw"]
[Date "2019.11.17"]
[Round "6.4"]
[White "Bartodziej, Bartosz"]
[Black "Muck, Piotr"]
[Result "1-0"]
[ECO "B92"]
[WhiteElo "1734"]
[BlackElo "1490"]
[Annotator "NA RC"]
[PlyCount "141"]
[EventDate "2019.11.14"]
[EventType "swiss"]
[EventCountry "POL"]
[SourceTitle "playchess.com"]
[Source "ChessBase"]
[SourceQuality "1"]
[TimeControl "5400+30"]

1. e4 c5 2. Nf3 d6 3. d4 cxd4 4. Nxd4 Nf6 5. Nc3 a6 6. Be2 e5 7. Nb3 Be6 8. Bg5 Be7 9. O-O Nbd7 10. Qd2 Rc8 11. f3 O-O 12. Rad1 b5 13. a3 Qc7 14. Nc1 Rfd8 15. Nd3 Nb6 16. Nb4 Nc4 17. Bxc4 Bxc4 18. Bxf6 Bxf6 19. Rf2 a5 20. Nbd5 Bxd5 21. Nxd5 Qa7 22. Qe3 Qxe3 23. Nxe3 g6 24. Nd5 Kg7 25. c3 Rc6 26. Rfd2 Bg5 27. Rd3 h5 28. g3 f6 29. h4 Bh6 30. Kf2 Kf7 31. f4 Bf8 32. Ne3 Rb8 33. Ra1 Be7 34. b4 Bd8 35. Kf3 Ra8 36. fxe5 fxe5 37. g4 hxg4+ 38. Kxg4 Ke6 39. h5 gxh5+ 40. Kxh5 Ra7 41. Nf5 axb4 42. cxb4 Be7 43. Rg1 Bf6 44. Rf3 Rc4 45. Rg4 Ra8 46. Nh6 Rcc8 47. Rg6 Rf8 48. Ng8 Rxg8 49. Rfxf6+ Ke7 50. Re6+ Kd7 51. Rxd6+ Ke7 52. Rde6+ Kd7 53. Rxg8 Rxg8 54. Rxe5 Rg3 55. Rxb5 Rxa3 56. Kg5 Rf3 57. Rf5 Rb3 58. b5 Rb4 59. Re5 Rb3 60. Kf6 Rf3+ 61. Rf5 Rb3 62. e5 Ke8 63. e6 Rb2 64. e7 Re2 65. b6 Rxe7 66. Re5 Rxe5 67. Kxe5 Kd7 68. Kd5 Kc8 69. Kc6 Kb8 70. b7 Ka7 71. Kc7 1-0

[Event "68th Warsaw-ch-B 2019"]
[Site "Warsaw"]
[Date "2019.11.17"]
[Round "7.1"]
[White "Jaworski, Jakub"]
[Black "Klim, Filip"]
[Result "1-0"]
[ECO "A01"]
[WhiteElo "1646"]
[BlackElo "1634"]
[Annotator "NA RC"]
[PlyCount "44"]
[EventDate "2019.11.14"]
[EventType "swiss"]
[EventCountry "POL"]
[SourceTitle "playchess.com"]
[Source "ChessBase"]
[SourceQuality "1"]
[TimeControl "5400+30"]

1. b3 d5 2. Bb2 Bf5 3. e3 e6 4. f4 Nf6 5. Nf3 c5 6. Ne5 Nbd7 7. Be2 Be7 8. O-O O-O 9. g4 Bg6 10. f5 exf5 11. gxf5 Bd6 12. d4 Ne4 13. fxg6 Qg5+ 14. Kh1 fxg6 15. Bf3 Qh4 16. Qe1 Qh3 17. Nd2 Nxd2 18. Qxd2 Bxe5 19. dxe5 d4 20. Bg2 Qe6 21. exd4 cxd4 22. Qxd4 Qd6 1-0

[Event "68th Warsaw-ch-B 2019"]
[Site "Warsaw"]
[Date "2019.11.17"]
[Round "7.2"]
[White "Gierech, Pawel"]
[Black "Wilczynski, Adam"]
[Result "1-0"]
[ECO "A05"]
[WhiteElo "1652"]
[BlackElo "1617"]
[Annotator "NA RC"]
[PlyCount "107"]
[EventDate "2019.11.14"]
[EventType "swiss"]
[EventCountry "POL"]
[SourceTitle "playchess.com"]
[Source "ChessBase"]
[SourceQuality "1"]
[TimeControl "5400+30"]

1. Nf3 Nf6 2. b3 b6 3. Bb2 Bb7 4. e3 c5 5. d4 e6 6. Bd3 Be7 7. O-O O-O 8. Nbd2 cxd4 9. exd4 Nc6 10. a3 d6 11. Re1 Re8 12. Ne4 Nxe4 13. Bxe4 Bf6 14. Rb1 d5 15. Bd3 g6 16. Ne5 Qd6 17. Ng4 Bg7 18. Qd2 Qf8 19. Qg5 f5 20. Ne5 Nxe5 21. dxe5 Qf7 22. Bd4 h6 23. Qg3 Rec8 24. b4 Rc7 25. f4 Rac8 26. Rf1 Kh7 27. Qf3 Bf8 28. g4 Qe8 29. h4 Rg7 30. Kf2 Qa4 31. h5 Rxc2+ 32. Bxc2 Qxc2+ 33. Qe2 Qxe2+ 34. Kxe2 Rc7 35. gxf5 gxf5 36. Rfc1 Rc4 37. Kd3 Ba6 38. Rxc4 Bxc4+ 39. Ke3 Kg7 40. a4 Be7 41. a5 Bd8 42. axb6 axb6 43. Rg1+ Kf7 44. Rg6 Be7 45. Bc3 Bf8 46. Rf6+ Ke7 47. b5 Ke8 48. Rxe6+ Kd8 49. Bd4 Ba3 50. Rxb6 Bc1+ 51. Kf3 Bd3 52. Be3 Be4+ 53. Ke2 Bb2 54. Rxh6 1-0

[Event "68th Warsaw-ch-B 2019"]
[Site "Warsaw"]
[Date "2019.11.17"]
[Round "7.3"]
[White "Mazurkiewicz, Wojciech"]
[Black "Podgorski, Maciej"]
[Result "1/2-1/2"]
[ECO "B22"]
[WhiteElo "1557"]
[BlackElo "1737"]
[Annotator "NA RC"]
[PlyCount "139"]
[EventDate "2019.11.14"]
[EventType "swiss"]
[EventCountry "POL"]
[SourceTitle "playchess.com"]
[Source "ChessBase"]
[SourceQuality "1"]
[TimeControl "5400+30"]

1. e4 c5 2. c3 d5 3. exd5 Qxd5 4. d4 Nc6 5. Nf3 Bg4 6. Be2 e6 7. O-O Nf6 8. Be3 Bd6 9. dxc5 Be7 10. h3 Bh5 11. Qxd5 Nxd5 12. b4 Nxe3 13. fxe3 Bf6 14. g4 Bg6 15. Nd4 Bg5 16. Kf2 h5 17. Nd2 hxg4 18. Bxg4 Ne5 19. N2f3 Nxf3 20. Nxf3 Be7 21. Ne5 Be4 22. Kg3 Bh4+ 23. Kh2 Bf6 24. Nc4 Rd8 25. Nd6+ Rxd6 26. cxd6 Be5+ 27. Kg1 Bxd6 28. Bf3 Bf5 29. Bg4 Bxg4 30. hxg4 Rh4 31. Rf2 Rxg4+ 32. Rg2 Re4 33. Rxg7 Be5 34. Rg8+ Ke7 35. Kf2 Bxc3 36. Rc1 Be5 37. a3 Bd6 38. Kf3 Rh4 39. Rg4 Rh3+ 40. Ke2 Rh2+ 41. Kd3 Ra2 42. Rc3 Be5 43. Rb3 Bc7 44. Rc4 Bb6 45. b5 f5 46. Rh4 Kd6 47. e4 Bd8 48. Rh7 f4 49. Rxb7 Bb6 50. Rf7 Be3 51. Kc4 Ke5 52. Rh7 Kxe4 53. Rh4 e5 54. Rc3 Bd4 55. Kb3 Bxc3 56. Kxa2 Ke3 57. Kb3 Bd4 58. Kc2 Ke2 59. Rh2+ Bf2 60. a4 Kf3 61. Rxf2+ Kxf2 62. a5 e4 63. b6 e3 64. b7 e2 65. b8=Q e1=Q 66. Qxf4+ Kg1 67. Qg4+ Kh2 68. Qh5+ Kg3 69. Qg5+ Kf3 70. Qf5+ {[%emt 0:00:00] Ke4} 1/2-1/2